Map: Cyber Forest LE

Players

herO - Winner!

  • Race: Protoss Protoss
  • Spawn Location: 5:00

Trap

  • Race: Protoss Protoss
  • Spawn Location: 11:00

Event: IEM Season 13: Katowice (2019)

VOD

Have the link to the VOD?

Description

Time

  • Played on: March 2, 2019, 5:20 a.m.
  • Length: 15:36

All games in this series

Show
View Real Time Build Order
Export as new Build Order

herO Protoss - Winner!

Build Orders: Phoenix Opening, Zealot Archon 

Get SALT Encoding   

  12  0:00  Probe  
  13  0:12  Probe  
  14  0:18  Pylon  
  14  0:23  Probe  
  15  0:32  Probe  
  15  0:36  Gateway  
  15  0:40  Probe  
  16  0:47  Assimilator  
  17  0:50  Probe  
  18  0:58  Probe  
  18  1:03  Assimilator  
  19  1:07  Probe  
  19  1:09  Gateway  
  20  1:18  Probe  
  20  1:25  Cybernetics Core  
  21  1:30  Probe  
  22  1:35  Pylon  
  22  1:42  Probe  
  22  1:44  Warp Gate  
  23  1:54  Probe  
  24  2:01  Adept x2  
  28  2:11  Pylon  
  28  2:26  Pylon  
  28  2:31  Sentry  
  28  2:32  Sentry  
  31  2:45  Nexus  
  31  2:49  Shield Battery  
  33  2:58  Sentry  
  33  2:59  Stalker  
  35  3:08  Pylon  
  35  3:10  Phoenix  
  36  3:18  Robotics Facility  
  35  3:20  Probe  
  36  3:33  Probe  
  37  3:42  Adept x2  
  37  3:45  Probe  
  42  3:56  Probe, Phoenix  
  42  3:57  Probe  
  44  4:05  Probe x2  
  44  4:08  Twilight Council, Observer  
  47  4:13  Probe x2  
  48  4:23  Probe x2  
  49  4:28  Warp Prism  
  53  4:35  Probe  
  53  4:36  Probe  
  55  4:39  Stalker x2  
  57  4:48  Probe  
  57  4:49  Probe, Templar Archives  
  59  4:56  Assimilator  
  59  4:57  Probe, Assimilator  
  57  5:03  Probe  
  59  5:09  Stalker  
  59  5:12  Pylon, Probe  
  59  5:14  Pylon  
  61  5:17  Probe  
  61  5:25  Probe  
  61  5:26  Probe  
  61  5:33  Forge  
  61  5:34  Probe  
  62  5:37  Probe  
  63  5:46  Probe  
  63  5:48  Adept x2  
  63  5:49  Probe  
  69  5:55  Pylon  
  68  5:58  Probe  
  68  6:01  Probe  
  69  6:14  Probe x2  
  69  6:17  High Templar x2  
  69  6:18  Protoss Ground Weapons Level 1  
  71  6:20  Photon Cannon  
  71  6:29  Charge  
  71  6:32  Gateway x2  
  71  6:35  Gateway  
  71  6:39  Gateway  
  71  6:41  Observer  
  71  6:44  Gateway  
  72  6:47  Probe x2  
  66  6:57  Immortal  
  66  6:58  High Templar x2  
  66  6:59  Probe x2  
  72  7:06  Gateway  
  76  7:14  Archon  
  74  7:26  High Templar x2  
  78  7:34  Psionic Storm  
  78  7:37  Zealot x3, High Templar  
  78  7:42  Pylon x2  
  86  7:45  Nexus  
  86  7:47  Pylon  
  85  8:04  Zealot, High Templar  
  85  8:05  Zealot x3  
  95  8:12  Immortal  
  97  8:32  Zealot x6  
  109  8:39  Pylon x2  
  109  8:55  Zealot, High Templar x2  
  101  9:03  Archon  
  101  9:04  High Templar  
  101  9:05  Zealot x4  
  101  9:09  Archon  
  111  9:20  High Templar  
  111  9:22  Zealot x3  
  119  9:24  Archon  
  115  9:31  Sentry  
  115  9:33  Zealot x3  
  123  9:46  Zealot, High Templar x2  
  123  9:49  Pylon x2  
  123  9:50  Archon  
  129  9:58  Warp Prism  
  129  10:02  Dark Shrine  
  129  10:18  Pylon x2  
  125  10:30  High Templar  
  125  10:31  Zealot x2, High Templar  
  125  10:33  Observer  
  134  10:38  Pylon x2  
  130  10:48  Zealot x4  
  137  11:18  Dark Templar x2  
  137  11:19  Dark Templar  
  137  11:20  Dark Templar  
  137  11:23  Zealot x4  
  153  11:29  Pylon  
  153  11:30  Protoss Ground Weapons Level 2  
  147  11:44  Dark Templar x2  
  147  11:46  Probe  
  152  11:48  Archon  
  152  11:57  Nexus  
  152  12:07  Pylon  
  148  12:18  Dark Templar  
  108  12:43  Dark Templar  
  108  12:44  Dark Templar x2  
  112  12:48  Zealot x3  
  118  13:02  Dark Templar  
  118  13:06  Archon  
  118  13:09  Dark Templar, Zealot  
  118  13:10  Zealot x2  
  126  13:15  Archon  
  125  13:31  Dark Templar x2  
  125  13:32  Zealot x4  
  137  13:36  Archon  
  135  14:18  Nexus  
  133  14:34  High Templar x3  
  133  14:35  Zealot x3, High Templar  
  125  14:42  Archon  
  90  14:53  Archon  
  90  15:04  High Templar x2  
  94  15:14  Archon  
  77  15:24  Zealot x6  
Show
View Real Time Build Order
Export as new Build Order

Trap Protoss 

Build Orders: Phoenix Opening, Zealot Archon 

Get SALT Encoding   

  12  0:00  Probe  
  13  0:12  Probe  
  14  0:18  Pylon  
  14  0:24  Probe  
  15  0:32  Probe  
  15  0:38  Gateway  
  15  0:40  Probe  
  16  0:47  Assimilator  
  17  0:50  Probe  
  18  1:00  Probe  
  18  1:03  Assimilator  
  19  1:08  Probe  
  19  1:14  Gateway  
  19  1:17  Probe  
  21  1:26  Cybernetics Core  
  21  1:29  Probe  
  22  1:36  Pylon  
  22  1:41  Probe  
  23  1:54  Probe  
  24  2:02  Stalker x2  
  24  2:05  Warp Gate  
  28  2:16  Pylon  
  28  2:32  Stalker x2  
  31  2:45  Stargate  
  31  3:12  Nexus  
  31  3:13  Shield Battery  
  31  3:19  Probe  
  32  3:21  Phoenix  
  32  3:32  Shield Battery  
  34  3:35  Probe  
  35  3:41  Phoenix  
  37  3:53  Pylon  
  37  4:04  Probe  
  37  4:06  Phoenix  
  38  4:16  Probe  
  40  4:17  Robotics Facility  
  40  4:21  Probe  
  41  4:25  Probe  
  41  4:29  Probe  
  43  4:33  Phoenix  
  43  4:34  Probe  
  47  4:39  Probe  
  48  4:47  Probe  
  48  4:51  Probe  
  50  4:58  Phoenix  
  52  5:00  Probe  
  52  5:03  Probe  
  52  5:05  Forge  
  54  5:08  Assimilator  
  54  5:11  Probe  
  54  5:13  Probe, Observer  
  56  5:17  Pylon  
  56  5:19  Probe  
  57  5:25  Probe  
  59  5:30  Protoss Ground Weapons Level 1, Probe  
  60  5:35  Adept x2  
  60  5:36  Assimilator  
  60  5:37  Probe  
  60  5:42  Probe  
  66  5:43  Pylon  
  66  5:52  Twilight Council  
  66  5:57  Probe x2  
  67  6:07  Adept  
  67  6:08  Adept  
  67  6:09  Probe x2  
  71  6:17  Immortal  
  74  6:24  Probe x2  
  76  6:27  Pylon  
  76  6:30  Pylon, Charge  
  76  6:42  Gateway  
  76  6:46  Gateway  
  76  6:48  Sentry x2  
  80  6:56  Protoss Ground Weapons Level 2  
  80  6:59  Immortal  
  80  7:04  Templar Archives  
  80  7:08  Gateway  
  80  7:10  Gateway  
  80  7:22  Gateway  
  80  7:23  Gateway  
  80  7:31  Zealot  
  80  7:33  Zealot  
  80  7:36  Pylon  
  84  7:38  Shield Battery  
  84  7:45  High Templar x2  
  84  7:48  Warp Prism  
  84  7:49  Archon  
  90  7:55  Pylon  
  90  7:56  Pylon  
  90  8:05  High Templar x2  
  92  8:08  Zealot x2  
  92  8:10  Archon  
  98  8:14  Pylon  
  98  8:19  Nexus  
  98  8:34  High Templar x2  
  98  8:35  Zealot x3  
  98  8:37  Zealot  
  98  8:38  Archon  
  110  8:41  Zealot  
  110  8:45  Zealot  
  108  9:04  High Templar x2  
  108  9:06  Zealot x4  
  108  9:08  Archon  
  108  9:09  Zealot  
  121  9:19  Zealot  
  121  9:23  Pylon  
  123  9:26  Pylon  
  121  9:32  Protoss Shields Level 1  
  121  9:35  High Templar x2  
  121  9:36  Zealot  
  121  9:37  Zealot  
  129  9:39  Archon  
  129  9:41  Zealot  
  131  9:46  Zealot  
  133  9:59  Zealot, Pylon  
  135  10:03  Observer  
  136  10:10  Zealot x3  
  136  10:21  High Templar  
  136  10:22  Zealot x3, High Templar  
  136  10:25  Archon  
  146  10:31  Pylon  
  146  10:44  Immortal, High Templar x2  
  146  10:45  Zealot x3  
  146  10:46  Zealot  
  146  10:48  Archon  
  162  11:01  Zealot x2  
  166  11:04  Pylon  
  166  11:16  Zealot x3  
  172  11:28  High Templar x2  
  172  11:29  Zealot  
  172  11:30  Zealot  
  180  11:34  Archon  
  161  11:47  Probe x3  
  154  11:59  Robotics Facility  
  154  12:00  Photon Cannon  
  141  12:08  Zealot  
  141  12:09  Zealot  
  112  12:43  Zealot x3  
  118  13:23  Pylon  
  116  13:33  Observer  
  116  13:49  Pylon  
  110  14:22  Pylon x2  
  110  14:32  Observer  
  110  14:33  Probe  
  68  14:50  Probe x3  
  62  14:58  Probe x3  

Tags
 
Add a new tag
Caveats
  • Supply blocks, unpowered buildings, or Contaminate may cause inaccurate times.
  • Supply counts are checked every 10 seconds.